Map: Acropolis LE

Players

playezvibe - Winner!

  • Race: Terran Terran
  • League: Bronze
  • Spawn Location: 5:00

runningdream

  • Race: Protoss Protoss
  • Spawn Location: 11:00

VOD

Have the link to the VOD?

Description

Time

  • Played on: July 7, 2019, 7:46 a.m.
  • Length: 19:16
Show
View Real Time Build Order
Export as new Build Order

playezvibe Terran - Winner!

Build Orders:  

Get SALT Encoding   

  12  0:16  Supply Depot  
  12  0:29  Supply Depot  
  12  0:32  SCV  
  13  0:44  SCV  
  13  0:46  Barracks  
  14  0:58  SCV  
  15  1:07  Refinery  
  15  1:11  SCV  
  16  1:23  SCV  
  17  1:35  SCV  
  18  1:47  SCV  
  18  1:51  Barracks  
  19  2:01  Reaper  
  20  2:18  SCV  
  21  2:31  SCV  
  22  2:43  Barracks Tech Lab, Barracks Reactor  
  22  2:49  Command Center  
  21  3:16  Combat Shield  
  21  3:21  Marine x2  
  23  3:38  Engineering Bay  
  23  3:39  Marine x2  
  25  3:56  Marine  
  25  3:57  Marine  
  25  4:00  Orbital Command  
  27  4:10  Supply Depot  
  27  4:14  Marine  
  27  4:15  Marine  
  29  4:23  Orbital Command  
  29  4:27  Marauder  
  31  4:33  Supply Depot  
  31  4:39  Orbital Command  
  31  4:42  Refinery  
  31  4:43  SCV  
  32  4:49  Marauder  
  34  4:55  SCV, Supply Depot  
  35  5:08  SCV, Bunker  
  35  5:10  Marine x2, Marauder  
  40  5:19  Supply Depot  
  40  5:20  SCV  
  41  5:26  Refinery  
  41  5:28  Marine x2  
  42  5:31  Marauder  
  42  5:34  Terran Infantry Weapons Level 1  
  45  5:43  Supply Depot  
  45  5:46  Marine x2, Concussive Shells  
  47  5:53  Marauder  
  49  6:00  SCV  
  49  6:03  Marine  
  49  6:04  Marine  
  51  6:06  Supply Depot  
  52  6:12  SCV  
  53  6:24  SCV  
  53  6:25  SCV  
  55  6:36  SCV  
  55  6:37  SCV  
  57  6:46  Stimpack  
  57  6:48  SCV  
  57  6:49  SCV  
  57  6:50  Marauder  
  61  6:57  Marine x2  
  61  7:01  SCV  
  64  7:08  SCV  
  65  7:11  Marauder  
  65  7:13  SCV  
  65  7:15  Marine x2  
  70  7:20  SCV  
  71  7:29  Terran Infantry Armor Level 1  
  71  7:32  SCV, Marine, Marauder  
  71  7:33  Marine  
  77  7:44  SCV  
  77  7:50  Marine x2  
  79  7:54  Marauder  
  81  7:58  Command Center  
  81  8:05  SCV  
  82  8:15  Marauder  
  82  8:17  SCV  
  85  8:24  Marine x2  
  87  8:29  SCV  
  88  8:37  Marauder  
  90  8:41  SCV  
  90  8:42  Marine x2  
  93  8:53  SCV  
  94  8:59  Refinery  
  94  9:09  Refinery  
  94  9:10  Marine x2, SCV, Marauder  
  99  9:22  SCV  
  99  9:23  Hi-Sec Auto Tracking  
  100  9:28  Marine x2  
  100  9:29  Factory  
  102  9:32  Marauder  
  102  9:37  Ghost Academy  
  104  9:50  Bunker  
  104  9:53  Marauder  
  106  10:03  Marine  
  106  10:04  Marine  
  108  10:14  SCV  
  108  10:20  Neosteel Armor  
  109  10:21  Marine x2  
  109  10:26  SCV  
  112  10:38  SCV  
  112  10:39  Marine x2  
  115  10:50  SCV, Factory Tech Lab  
  115  10:56  Starport  
  115  10:57  Ghost, Marine x2  
  116  11:03  SCV  
  121  11:10  Supply Depot  
  121  11:25  Ghost  
  121  11:27  Marine x2  
  125  11:35  Supply Depot  
  125  11:44  Marine  
  125  11:45  Marine  
  127  11:54  Ghost  
  127  11:57  Supply Depot  
  129  12:02  Marine x2  
  129  12:05  Cyclone  
  134  12:20  Marine x2  
  134  12:21  Supply Depot  
  136  12:22  Ghost  
  136  12:28  Armory  
  138  12:38  Cyclone  
  138  12:43  Supply Depot  
  141  12:47  Marine  
  141  12:48  Marine  
  143  12:51  Ghost  
  145  13:05  Supply Depot, Marine x2, Medivac  
  147  13:10  Cyclone  
  152  13:16  Armory  
  152  13:23  Marine x2  
  154  13:29  Terran Infantry Weapons Level 2  
  154  13:34  Nuke  
  154  13:35  Medivac  
  154  13:41  Marine x2  
  156  13:42  Cyclone, Refinery  
  156  13:44  Smart Servos  
  161  13:59  Marine x2  
  163  14:05  Medivac  
  165  14:14  Cyclone  
  165  14:16  Marine  
  165  14:17  Marine  
  170  14:31  Orbital Command  
  170  14:34  Marine x2  
  170  14:35  Medivac  
  170  14:37  Terran Vehicle Weapons Level 1  
  174  14:39  Terran Vehicle And Ship Armor Level 1  
  174  14:50  Marauder  
  176  15:03  Mag-Field Accelerator  
  176  15:11  Marauder  
  176  15:12  Starport Reactor  
  178  15:17  Starport Tech Lab  
  178  15:24  Marine x2  
  180  15:33  Marauder  
  182  15:42  Marine x2  
  187  15:45  Terran Infantry Armor Level 2, Siege Tank  
  187  15:54  Marauder  
  189  16:00  Marine x2  
  189  16:01  Personal Cloaking  
  191  16:16  Marauder  
  191  16:17  Marine, Siege Tank, Raven  
  191  16:18  Marine  
Show
View Real Time Build Order
Export as new Build Order

runningdream Protoss 

Build Orders:  

Get SALT Encoding   

  12  0:02  Probe  
  13  0:17  Pylon  
  13  0:43  Gateway  
  13  0:49  Forge  
  13  0:54  Assimilator  
  13  1:02  Assimilator  
  15  1:32  Zealot  
  15  1:56  Zealot  
  15  2:00  Pylon  
  17  2:08  Probe  
  18  2:17  Zealot  
  18  2:20  Probe  
  21  2:30  Cybernetics Core  
  21  2:44  Zealot  
  23  3:11  Zealot  
  25  3:37  Stargate  
  25  3:38  Sentry  
  27  3:57  Robotics Facility  
  27  4:02  Sentry  
  29  4:21  Sentry  
  31  4:51  Pylon  
  31  4:59  Nexus  
  31  5:09  Stalker  
  33  5:27  Oracle  
  36  5:39  Adept  
  38  5:44  Pylon  
  38  5:55  Pylon  
  38  6:09  Adept  
  38  6:10  Pylon  
  40  6:13  Probe  
  41  6:25  Probe  
  42  6:36  Probe  
  43  6:44  Probe  
  43  6:52  Probe  
  45  7:04  Probe  
  46  7:16  Probe  
  47  7:28  Probe  
  47  7:29  Stalker  
  50  7:48  Void Ray  
  54  7:59  Stalker  
  56  8:29  Stalker  
  58  8:35  Fleet Beacon  
  58  8:47  Stargate  
  58  8:52  Void Ray  
  62  8:59  Stalker  
  64  9:08  Assimilator  
  64  9:13  Assimilator  
  64  9:29  Adept  
  66  9:35  Tempest  
  71  9:44  Probe  
  72  9:58  Probe  
  73  10:14  Robotics Bay  
  73  10:18  Tempest  
  78  10:33  Pylon  
  78  10:49  Pylon  
  78  10:52  Carrier  
  84  11:17  Colossus  
  90  11:28  Extended Thermal Lance  
  90  12:28  Void Ray  
  94  12:54  Pylon  
  94  12:59  Mothership, Pylon  
  94  13:07  Carrier  
  108  14:20  Pylon  
  108  14:25  Pylon  
  108  14:33  Pylon  
  108  14:38  Carrier  
  114  15:37  Disruptor  
  114  15:42  Oracle  
  120  16:12  Disruptor  
  123  16:22  Protoss Ground Weapons Level 1  
  123  16:46  Carrier  
  129  16:48  Disruptor  
  132  18:20  Disruptor  
Tags
 
League
Bronze
Matchup
PvT
Spawn Locations
Cross Positions
Add a new tag
Caveats
  • Supply blocks, unpowered buildings, or Contaminate may cause inaccurate times.
  • Supply counts are checked every 10 seconds.